 Dungeon Crawl Stone Soup version 0.28.0 (webtiles) character file.

Game seed: 13619673620361951168

114 styxcanada the Covert (level 4, -2/22 HPs)
             Began as a Spriggan Brigand on Feb 4, 2022.
             Killed from afar by an orc wizard (6 damage)
             ... with a magic dart
             ... on level 3 of the Dungeon.
             The game lasted 00:12:27 (2841 turns).

styxcanada the Covert (Spriggan Brigand)            Turns: 2841, Time: 00:12:27

Health: -2/22      AC:  3    Str:  7    XL:     4   Next: 67%
Magic:  5/5        EV: 17    Int: 12    God:
Gold:   47         SH:  0    Dex: 18    Spells: 1/3 levels left

rFire   . . .      SeeInvis +   r - +0 short sword (freeze)
rCold   . . .      Faith    .   (no shield)
rNeg    . . .      Spirit   .   b - +0 robe
rPois   .          Reflect  .   (helmet restricted)
rElec   .          Harm     .   c - +0 cloak
rCorr   .          Rampage  .   (gloves unavailable)
Will    .....                   (boots unavailable)
Stlth   ++++......              s - amulet of the acrobat
HPRegen 0.07/turn               (no ring)
MPRegen 0.09/turn               (no ring)

@: very quick
A: very small, no large weapons, unfitting armour, see invisible, speed 3
a: no special abilities


You were on level 3 of the Dungeon.
You visited 1 branch of the dungeon, and saw 3 of its levels.

You collected 47 gold pieces.

Inventory:

Hand Weapons
 a - a +2 dagger
 k - a +0 hunting sling
 r - a +0 short sword of freezing (weapon)
Missiles
 d - 5 poisoned darts (quivered)
 e - 6 curare-tipped darts
 g - 106 stones
 l - 6 atropa-tipped darts
 q - 13 sling bullets
Armour
 b - a +0 robe (worn)
 c - a +0 cloak (worn)
Jewellery
 s - an amulet of the acrobat (around neck)
Scrolls
 i - a scroll of amnesia {unknown}
 j - 2 scrolls of fear
 n - 3 scrolls of immolation {unknown}
 o - a scroll of teleportation {unknown}
Potions
 f - 3 potions of might
 h - a potion of lignification {unknown}
 m - a potion of cancellation {unknown}
 p - 2 potions of curing {unknown}


   Skills:
 * Level 1.6 Fighting
 + Level 2.9 Short Blades
 + Level 0.2(1.7) Slings
 + Level 2.3 Throwing
 * Level 2.2 Dodging
 * Level 8.1 Stealth
 * Level 0.2 Spellcasting
 * Level 0.6 Hexes


You had one spell level left.
You knew the following spells:

 Your Spells              Type           Power      Damage    Failure   Level
a - Ensorcelled Hibernat  Hex/Ice        0%         N/A       41%         2

Your spell library contained the following spells:

 Spells                   Type           Power      Damage    Failure   Level
 Passwall                 Tmut/Erth      0%         N/A       45%         2
 Swiftness                Air            0%         N/A       69%         3


Dungeon Overview and Level Annotations

Branches:
Dungeon (3/15)

Altars:

Shops:
D:3 =


Innate Abilities, Weirdness & Mutations

You are very small and have problems with some larger weapons.
You are too small for most types of armour.
You have supernaturally acute eyesight. (SInv)
You cover ground extremely quickly. (Speed+++)


Message History

Things that are here:
a +0 flail; a jackal corpse; an orc corpse You hit the jackal.
You freeze the jackal.
You kill the jackal!
You hit the orc wizard. You freeze the orc wizard.
The orc wizard is moderately wounded.
The orc wizard hits you with a +0 dagger.
You hit the orc wizard but do no damage.
The orc wizard is moderately wounded.
The orc wizard hits you with a +0 dagger.
You barely miss the orc wizard.
The orc wizard is moderately wounded.
The orc wizard misses you.
You barely miss the orc wizard.
The orc wizard is moderately wounded.
The orc wizard hits you but does no damage.
You closely miss the orc wizard.
The orc wizard is moderately wounded.
The orc wizard hits you with a +0 dagger.
You hit the orc wizard. You freeze the orc wizard.
The orc wizard is heavily wounded.
You hit the orc wizard but do no damage.
The orc wizard is heavily wounded.
The orc wizard completely misses you.
You barely miss the orc wizard.
The orc wizard is heavily wounded.
The orc wizard hits you with a +0 dagger.
You completely miss the orc wizard.
The orc wizard is heavily wounded.
The orc wizard closely misses you.
You closely miss the orc wizard.
The orc wizard is heavily wounded.
The orc wizard casts a spell at you. The puff of flame hits you!
* * * LOW HITPOINT WARNING * * *
You hit the orc wizard but do no damage.
The orc wizard is heavily wounded.
The orc wizard points at you and mumbles some strange words.
The magic dart hits you.
You die...

###>........ ##.....###.
#.......# ### #.......# #..
#.......# ###.# ##.....## .#.###
# #.......####### .(.. .#
#....<........###########.###...
#.......#####..@oo.(...#....$##
##.....## #####...(...o.....#.
##...## #................ #####
#..........∩.....
#................
#...............#
#...............#
#...............#
##.............##


You could see an orc wizard (invisible) and an orc.

Vanquished Creatures
  A howler monkey zombie (D:3)
  4 adders (D:2)
  A worm (D:2)
  4 dart slugs
  2 orcs (D:3)
  An endoplasm (D:2)
  2 giant cockroaches (D:2)
  5 goblins (D:2)
  7 hobgoblins
  4 jackals
  3 quokkas
  2 ball pythons
  7 bats
  3 frilled lizards
  3 kobolds
  5 rats
54 creatures vanquished.

Vanquished Creatures (others)
  2 fungi (D:1)
  2 plants (D:1)
4 creatures vanquished.

Grand Total: 58 creatures vanquished

Notes
Turn   | Place    | Note
-------+----------+-------------------------------------------
     0 | D:1      | styxcanada the Spriggan Brigand began the quest for the
                  | Orb.
     0 | D:1      | Reached XP level 1. HP: 10/10 MP: 2/2
   270 | D:1      | Reached skill level 6 in Stealth
   400 | D:1      | Found a faded altar of an unknown god.
   453 | D:1      | Reached XP level 2. HP: 14/14 MP: 3/3
  1122 | D:2      | Reached XP level 3. HP: 18/18 MP: 4/4
  1258 | D:2      | Learned a level 2 spell: Ensorcelled Hibernation
  1356 | D:2      | Reached skill level 7 in Stealth
  1485 | D:2      | Upgraded the game from 0.28-b1-70-g80dc712255 to 0.28.0
  1949 | D:2      | Reached XP level 4. HP: 22/22 MP: 5/5
  2637 | D:3      | Reached skill level 8 in Stealth
  2792 | D:3      | Found Emuclif's Jewellery Shop.
  2841 | D:3      | Killed from afar by an orc wizard

Illustrated notes

Levels and vault maps discovered:
D:1:      onia_arrival_mini_spirals, layout_rooms,
          shapermc_ecumenical_altar_mp_urbaneastern, minivault_23
D:2:      layout_basic
D:3:      layout_rooms, serial_shops, shop, uniq_sigmund

Skill      XL: |  1  2  3  4 |
---------------+-------------+-----
Stealth        | 6 7 8 |  8.1
Dodging        | 2 |  2.2
Fighting       | |  1.6
Short Blades   | |  2.9
Slings         | |  0.2
Throwing       | |  2.3
Spellcasting   | |  0.2
Hexes          | |  0.6

Action                   |  1- 3 |  4- 6 || total
-------------------------+-------+-------++-------
Melee: Dagger            |    95 |    37 ||   132
       Short sword       |       |    28 ||    28
 Fire: Hunting sling     |     3 |       ||     3
Throw: Dart              |    40 |     8 ||    48
  Use: Scroll            |     3 |       ||     3
 Stab: Sleeping          |    12 |     3 ||    15
Armor: Robe              |    12 |     8 ||    20
Dodge: Dodged            |    60 |    37 ||    97
